 Dungeon Crawl Stone Soup version 0.31.0-9-g3a7656b989 (webtiles) character file.

Game seed: 16521447546616667680

35990 qw the Spry (level 13, 0/65 HPs)
             Began as a Spriggan Hunter on Feb 2, 2024.
             Was a High Priest of Okawaru.
             Slain by a death yak (18 damage)
             ... on level 4 of the Lair of Beasts.
             The game lasted 00:01:47 (11873 turns).

qw the Spry (Spriggan Hunter)                      Turns: 11873, Time: 00:01:47

Health: 0/65       AC:  6    Str:  7    XL:     13   Next: 50%
Magic:  19/21      EV: 49    Int: 11    God:    Okawaru [*****.]
Gold:   556        SH:  0    Dex: 29    Spells: 12/12 levels left

rFire   . . .        v - +0 arbalest (flame)
rCold   . . .        (shield currently unavailable)
rNeg    . . .        m - +0 troll leather armour
rPois   .            (helmet restricted)
rElec   .            h - +1 cloak
rCorr   .            (gloves unavailable)
SInv    +            (boots unavailable)
Will    ++...        l - amulet of the acrobat
Stlth   ++++         f - +6 ring of dexterity
HPRegen 1.10/turn    b - +5 ring of evasion
MPRegen 0.17/turn

%: acrobat
@: heroic, finesse-ful, very quick
A: very small, no large weapons, unfitting armour, see invisible, speed 3
a: Renounce Religion, Heroism, Finesse, Duel


You were on level 4 of the Lair of Beasts.
You worshipped Okawaru.
Okawaru was extremely pleased with you.
You visited 3 branches of the dungeon, and saw 15 of its levels.

You collected 730 gold pieces.
You spent 174 gold pieces at shops.


Innate Abilities, Weirdness & Mutations

You are very small and have problems with some larger weapons.
You are too small for most types of armour.
You have supernaturally acute eyesight. (SInv)
You cover ground extremely quickly. (Speed+++)


   Skills:
 - Level 6.0(11.0) Fighting
 - Level 15.0(20.0) Ranged Weapons
 - Level 3.5(8.5) Armour
 + Level 17.1(22.1) Dodging
 - Level 1.5(6.5) Stealth
 - Level 10.0 Invocations


You had 12 spell levels left.
You didn't know any spells.
Your spell library was empty.

Inventory:

Hand Weapons
 v - a +0 arbalest of flaming (weapon)
Armour
 h - a +1 cloak (worn)
 m - a +0 troll leather armour (worn)
 r - a +1 robe of fire resistance
Jewellery
 b - a +5 ring of evasion (right hand)
 c - the ring "Quiggo Odeiss" {Ice rPois Str+3}
   (You acquired it on level 9 of the Dungeon)

   [ring of ice]

   Ice:       It enhances your ice magic.
   Str+3:     It affects your strength (+3).
   rF-:       It makes you vulnerable to fire.
   rC+:       It protects you from cold.
   rPois:     It protects you from poison
 f - a +6 ring of dexterity (left hand)
 l - an amulet of the acrobat (around neck)
Wands
 d - a wand of iceblast (14)
 k - a wand of light (6)
 s - a wand of digging (1)
 t - a wand of mindburst (9)
Scrolls
 p - a scroll of identify
Potions
 a - 2 potions of curing
 g - 2 potions of enlightenment
 i - a potion of haste
 j - 5 potions of mutation
 o - 2 potions of might

Dungeon Overview and Level Annotations

Branches:
Dungeon (10/15)            Temple (1/1) D:7            Lair (4/5) D:10
 Shoals (0/4) Lair:3       Spider (0/4) Lair:3
  Slime: Lair:4-5       Orc: D:9-12

Altars:
Ashenzari
Cheibriados
Dithmenos
Elyvilon
Fedhas
Gozag
Hepliaklqana
Kikubaaqudgha
Makhleb
Nemelex Xobeh
Okawaru
Qazlal
Ru
Sif Muna
Trog
Uskayaw
Vehumet
Wu Jian
Xom
Yredelemnul
Zin
The Shining One

Shops:
D:6 *   D:10 [

Annotations:
D:2 1 runed translucent door, Crazy Yiuf


Message History

You shoot a bolt. The bolt hits the elephant!
The bolt burns the elephant.
The elephant is lightly wounded.
You shoot a bolt. The bolt hits the elephant!!
The bolt burns the elephant.
The elephant is severely wounded.
You hear a trumpeting!
The death yak completely misses you.
You shoot a bolt.
The bolt hits the elephant but does no damage.
You hear an angry hiss.
You shoot a bolt. The bolt hits the elephant!!
The bolt burns the elephant.
The elephant is moderately wounded.
The death yak misses you.
You shoot a bolt. The bolt hits the elephant!
The bolt burns the elephant.
The elephant is heavily wounded.
You shoot a bolt. The bolt hits the elephant!
The bolt burns the elephant.
The elephant is severely wounded.
The elephant completely misses you. x2; The death yak completely misses you.
You shoot a bolt. The bolt hits the elephant!!
The bolt burns the elephant.
You kill the elephant!
Okawaru accepts your kill.
You shoot a bolt. The bolt barely misses the skyshark.
The death yak misses you.
You shoot a bolt. The bolt hits the skyshark!!
The bolt burns the skyshark!
The skyshark is moderately wounded.
The skyshark completely misses you. The skyshark tail-slaps you.
The skyshark tail-slaps you but does no damage.
You shoot a bolt. The bolt hits the skyshark!!!
The bolt burns the skyshark!!
You kill the skyshark!
Okawaru accepts your kill. The death yak misses you.
Your base Dodging skill increases to level 17!
You shoot a bolt. The bolt hits the elephant!!!
The bolt burns the elephant!
You kill the elephant!
Okawaru accepts your kill.
You shoot a bolt. The bolt barely misses the death yak.
The bolt hits the elephant!!
The bolt burns the elephant!
The elephant is severely wounded.
You hear an angry hiss.
The death yak gores you!!
You die...

........ .F.....# .......## .#
..8..#..## ...# .........#
...###. ....#...## ... ###
#....#...
..#......##....#@#####........
.#.............#Y%............
..#.............Y............S
..............................
.8#..P#.......................
..#...........................
.##................%....(.....
###..#..............###...7..7
# ######............## #..7


You could see a death yak and an elephant.

Vanquished Creatures
  Gastronok (D:9)
  A hydra (Lair:3)
  A two-headed ogre (D:9)
  8 death yaks
  A skyshark (Lair:4)
  Pikel (D:7)
  2 wolf spiders (Lair:1)
  Maurice (D:7)
  16 elephants
  3 black mambas
  9 cane toads
  A kobold demonologist (D:10)
  An unseen horror (D:10)
  4 rime drakes
  5 komodo dragons
  A troll (D:9)
  2 polar bears
  Prince Ribbit (D:6)
  11 blink frogs
  3 wyverns
  30 yaks
  A wraith (D:9)
  A basilisk (Lair:2)
  2 vampire mosquitoes (D:10)
  A steam dragon (D:9)
  2 acid dragons
  7 water moccasins
  Duvessa (D:7)
  2 ice beasts
  3 black bears
  A sky beast (D:4)
  19 wolves
  4 centaurs
  2 lemures (D:7)
  2 phantoms
  4 kobold brigands
  17 bullfrogs
  2 gnoll sergeants
  3 scorpions
  3 wights (D:10)
  Dowan (D:7)
  6 killer bees (D:10)
  3 electric eels
  2 hounds
  3 jellies
  5 orc priests
  2 iguanas
  3 sleepcaps
  2 hell rats (D:10)
  7 orc wizards
  24 gnolls
  4 adders
  A shadow imp (D:6)
  A white imp (D:7)
  3 dart slugs
  A ribbon worm (D:3)
  25 orcs
  2 endoplasms (D:3)
  4 giant cockroaches (D:1)
  9 hobgoblins
  4 jackals (D:5)
  10 kobolds
  8 quokkas
  10 ball pythons
  6 bats
  2 frilled lizards
  8 goblins
  7 rats
343 creatures vanquished.

Notes
Turn   | Place    | Note
-------+----------+-------------------------------------------
     0 | D:1      | qw the Spriggan Hunter began the quest for the Orb.
     0 | D:1      | Reached XP level 1. HP: 10/10 MP: 2/2
     0 | D:1      | 0 ||| qw: Version: 0.3-a-155-g5e7d8dd
     0 | D:1      | 0 ||| qw: Game counter: 2086
     0 | D:1      | 0 ||| qw: Melee chars always use a shield: true
     0 | D:1      | 0 ||| qw: God list: Okawaru
     0 | D:1      | 0 ||| qw: Allow faded altars: false
     0 | D:1      | 0 ||| qw: Do Orc after clearing Dungeon:15 true
     0 | D:1      | 0 ||| qw: Do second Lair branch before Depths: true
     0 | D:1      | 0 ||| qw: Lair rune preference: random
     0 | D:1      | 0 ||| qw: Goals: Normal
     0 | D:1      | 0 ||| PLANNING D:1-11
    68 | D:1      | Reached skill level 3 in Dodging
   313 | D:1      | Reached XP level 2. HP: 14/14 MP: 3/3
   379 | D:1      | Reached skill level 4 in Dodging
   877 | D:1      | 877 ||| READING scroll labelled FUYFEB JAYZA.
   878 | D:1      | 878 ||| READING 2 scrolls labelled OWNEUX GYUCOXIX.
   879 | D:1      | 879 ||| READING scroll labelled ZUMIDE ELIWN.
   879 | D:1      | 879 ||| IDENTIFYING lumpy amethyst potion
   880 | D:1      | 880 ||| READING scroll labelled DIXTOR VACIBEW.
   880 | D:1      | 880 ||| ENCHANTING +0 shortbow.
   881 | D:1      | 881 ||| READING scroll labelled FOROALUULI.
   882 | D:1      | 882 ||| READING scroll labelled JEQAQENOMPU.
   983 | D:1      | 983 ||| DROPPING scroll of butterflies.
   984 | D:1      | 984 ||| DROPPING scroll of revelation.
  1013 | D:2      | Reached XP level 3. HP: 18/18 MP: 4/4
  1234 | D:2      | Found a faded altar of an unknown god.
  1354 | D:2      | Found a runed translucent door.
  1355 | D:2      | Noticed Crazy Yiuf
  1633 | D:3      | Reached XP level 4. HP: 16/22 MP: 5/5
  2354 | D:3      | 2354 ||| READING scroll of identify.
  2354 | D:3      | 2354 ||| IDENTIFYING bubbling golden potion
  2355 | D:3      | 2355 ||| READING scroll labelled SYR DEDUQO.
  2356 | D:3      | 2356 ||| READING scroll labelled AMUARPH MIFFECO.
  2357 | D:3      | 2357 ||| DROPPING potion of magic.
  2407 | D:4      | Reached skill level 5 in Dodging
  2407 | D:4      | Reached XP level 5. HP: 25/25 MP: 6/6
  2432 | D:4      | Found an ornate altar of the Wu Jian Council.
  2589 | D:4      | Identified the ring "Oneott" {rC+ Str+6 Int+3 Dex-3 Slay+2}
  2610 | D:4      | Noticed a phantom
  2621 | D:4      | Killed a phantom
  2622 | D:4      | Reached skill level 6 in Ranged Weapons
  2622 | D:4      | Reached XP level 6. HP: 30/32 MP: 7/7
  2673 | D:4      | Noticed a sky beast
  2681 | D:4      | Killed a sky beast
  2682 | D:4      | Reached skill level 6 in Dodging
  3109 | D:4      | 3109 ||| UPGRADING to ring "Oneott" {rC+ Str+6 Int+3 Dex-3
                  | Slay+2}.
  3110 | D:4      | 3110 ||| DROPPING ring of wizardry.
  3111 | D:4      | 3111 ||| READING scroll of identify.
  3111 | D:4      | 3111 ||| IDENTIFYING metallic purple potion
  3112 | D:4      | 3112 ||| READING scroll labelled IPABBI MYASSET.
  3113 | D:4      | 3113 ||| READING scroll labelled FUUJYX ILLE.
  3214 | D:4      | 3214 ||| READING scroll labelled EKAUNU EKHOL.
  3219 | D:4      | 3219 ||| READING scroll labelled EXECUL ZUORIAMU.
  3219 | D:4      | 3219 ||| BRANDING +1 shortbow.
  3220 | D:4      | 3220 ||| DRINKING 2 fuming green potions.
  3221 | D:4      | 3221 ||| DRINKING 2 fizzy clear potions.
  3222 | D:4      | 3222 ||| DRINKING grey potion.
  3223 | D:4      | 3223 ||| DRINKING golden potion.
  3236 | D:4      | 3236 ||| DROPPING potion of berserk rage.
  3237 | D:4      | 3237 ||| DROPPING potion of ambrosia.
  3249 | D:5      | Entered Level 5 of the Dungeon
  3556 | D:5      | Reached XP level 7. HP: 20/35 MP: 8/8
  4089 | D:5      | 4089 ||| UPGRADING to +5 ring of evasion.
  4090 | D:5      | 4090 ||| UPGRADING to +6 ring of dexterity.
  4092 | D:5      | 4092 ||| DROPPING ring "Oneott" {rC+ Str+6 Int+3 Dex-3
                  | Slay+2}.
  4133 | D:6      | Reached skill level 7 in Dodging
  4239 | D:6      | Reached skill level 8 in Dodging
  4239 | D:6      | Reached XP level 8. HP: 14/39 MP: 9/9
  4545 | D:6      | Reached skill level 9 in Dodging
  4548 | D:6      | Found Vima Daiwe's CLEARANCE SALE!.
  4556 | D:6      | 4556 ||| BUYING scroll of enchant weapon (22 gold).
  4556 | D:6      | Bought a scroll of enchant weapon for 22 gold pieces
  4556 | D:6      | 4556 ||| READING scroll of enchant weapon.
  4556 | D:6      | 4556 ||| ENCHANTING +1 shortbow of draining.
  4693 | D:6      | Noticed Prince Ribbit
  4694 | D:6      | 4694 ||| DRINKING potion of haste.
  4698 | D:6      | Killed Prince Ribbit
  4749 | D:6      | Reached skill level 3 in Fighting
  4855 | D:6      | 4855 ||| UPGRADING to +1 cloak.
  4860 | D:6      | 4860 ||| READING scroll of identify.
  4860 | D:6      | 4860 ||| IDENTIFYING green potion
  4892 | D:7      | Noticed Maurice
  4896 | D:7      | 4896 ||| STAIRDANCE
  4927 | D:7      | Killed Maurice
  4928 | D:7      | Reached skill level 9 in Ranged Weapons
  5025 | D:7      | 5025 ||| FLEEEEING.
  5026 | D:7      | 5026 ||| FLEEEEING.
  5029 | D:7      | Reached XP level 9. HP: 33/44 MP: 10/10
  5029 | D:7      | 5029 ||| FLEEEEING.
  5030 | D:7      | 5030 ||| FLEEEEING.
  5031 | D:7      | 5031 ||| FLEEEEING.
  5032 | D:7      | 5032 ||| FLEEEEING.
  5033 | D:7      | 5033 ||| FLEEEEING.
  5034 | D:7      | 5034 ||| FLEEEEING.
  5035 | D:7      | 5035 ||| FLEEEEING.
  5036 | D:7      | 5036 ||| FLEEEEING.
  5113 | D:7      | Found a staircase to the Ecumenical Temple.
  5114 | D:7      | 5114 ||| PLANNING TEMPLE
  5114 | D:7      | 5114 ||| DROPPING wand of flame (9).
  5125 | Temple   | Entered the Ecumenical Temple
  5126 | Temple   | 5126 ||| PLANNING OKAWARU WORSHIP
  5141 | Temple   | Became a worshipper of Warmaster Okawaru
  5142 | Temple   | 5142 ||| PLANNING D:1-11
  5204 | D:7      | Reached skill level 10 in Dodging
  5208 | D:7      | Noticed Dowan
  5211 | D:7      | Noticed Duvessa
  5224 | D:7      | 5224 ||| DRINKING potion of haste.
  5225 | D:7      | Killed Duvessa
  5228 | D:7      | Killed Dowan
  5306 | D:7      | Noticed Pikel
  5307 | D:7      | 5307 ||| RETREEEEATING.
  5309 | D:7      | 5309 ||| RETREEEEATING.
  5316 | D:7      | 5316 ||| RETREEEEATING.
  5317 | D:7      | 5317 ||| RETREEEEATING.
  5320 | D:7      | 5320 ||| RETREEEEATING.
  5321 | D:7      | 5321 ||| RETREEEEATING.
  5337 | D:7      | Killed Pikel
  5337 | D:7      | Reached * piety under Okawaru
  5338 | D:7      | Reached skill level 11 in Dodging
  5349 | D:7      | Found a glowing silver altar of Zin.
  5376 | D:7      | Found an opulent altar of Gozag.
  5565 | D:8      | Reached skill level 1 in Invocations
  5732 | D:8      | Identified the scarf of Activism {harm, +Inv Int+2 Dex-5}
  5847 | D:8      | Reached skill level 12 in Dodging
  5905 | D:8      | Found a sparkling altar of Nemelex Xobeh.
  5905 | D:8      | Found an ancient bone altar of Kikubaaqudgha.
  5905 | D:8      | Found a basalt altar of Yredelemnul.
  6069 | D:8      | Reached skill level 3 in Invocations
  6135 | D:8      | Found a bloodstained altar of Trog.
  6200 | D:8      | Found a shimmering blue altar of Sif Muna.
  6210 | D:8      | Reached ** piety under Okawaru
  6236 | D:8      | Reached XP level 10. HP: 49/49 MP: 12/14
  6401 | D:8      | 6401 ||| DROPPING scarf of Activism {harm, +Inv Int+2
                  | Dex-5}.
  6581 | D:9      | 6581 ||| INVOKING Heroism.
  6869 | D:9      | Reached *** piety under Okawaru
  7079 | D:9      | 7079 ||| Stepping ~*~*~tactically~*~*~ (cloud).
  7082 | D:9      | 7082 ||| Stepping ~*~*~tactically~*~*~ (cloud).
  7111 | D:9      | Found a hide-covered altar of Uskayaw.
  7288 | D:9      | 7288 ||| UPGRADING to +0 troll leather armour.
  7298 | D:9      | 7298 ||| DROPPING +0 robe.
  7299 | D:9      | 7299 ||| DROPPING +6 ring of strength.
  7300 | D:9      | 7300 ||| READING scroll of identify.
  7300 | D:9      | 7300 ||| IDENTIFYING fuming emerald potion
  7301 | D:9      | 7301 ||| READING scroll labelled UTUTUA TAEQO.
  7301 | D:9      | Identified a scroll of acquirement
  7301 | D:9      | 7301 ||| ACQUIRING ring "Quiggo Odeiss" {Ice rPois Str+3}
  7301 | D:9      | Acquired the ring "Quiggo Odeiss" {Ice rPois Str+3}
  7334 | D:10     | Entered Level 10 of the Dungeon
  7334 | D:10     | Noticed Gastronok
  7335 | D:10     | 7335 ||| INVOKING Heroism.
  7338 | D:10     | 7338 ||| STAIRDANCE
  7359 | D:9      | 7359 ||| INVOKING Heroism.
  7360 | D:9      | Killed Gastronok
  7360 | D:9      | Reached **** piety under Okawaru
  7361 | D:9      | Reached skill level 3 in Armour
  7381 | D:10     | Noticed a two-headed ogre
  7385 | D:10     | 7385 ||| STAIRDANCE
  7387 | D:9      | 7387 ||| INVOKING Finesse.
  7396 | D:9      | Killed a two-headed ogre
  7397 | D:9      | Reached skill level 13 in Dodging
  7577 | D:10     | Reached XP level 11. HP: 50/53 MP: 15/15
  7750 | D:10     | 7750 ||| RETREEEEATING.
  7752 | D:10     | 7752 ||| RETREEEEATING.
  7753 | D:10     | 7753 ||| RETREEEEATING.
  7754 | D:10     | 7754 ||| RETREEEEATING.
  7755 | D:10     | 7755 ||| RETREEEEATING.
  7756 | D:10     | 7756 ||| RETREEEEATING.
  7760 | D:10     | 7760 ||| RETREEEEATING.
  7761 | D:10     | 7761 ||| RETREEEEATING.
  7762 | D:10     | 7762 ||| RETREEEEATING.
  7763 | D:10     | 7763 ||| RETREEEEATING.
  7785 | D:10     | Found Ewuniw's Armour Emporium.
  7798 | D:10     | 7798 ||| BUYING +1 robe of fire resistance (152 gold).
  7798 | D:10     | Bought a +1 robe of fire resistance for 152 gold pieces
  7807 | D:10     | Noticed a death yak
  7807 | D:10     | Noticed a death yak
  7808 | D:10     | 7808 ||| INVOKING Finesse.
  7808 | D:10     | Noticed a death yak
  7821 | D:10     | 7821 ||| RETREEEEATING.
  7828 | D:10     | Killed a death yak
  7834 | D:10     | 7834 ||| RETREEEEATING.
  7835 | D:10     | 7835 ||| RETREEEEATING.
  7836 | D:10     | 7836 ||| RETREEEEATING.
  7837 | D:10     | 7837 ||| RETREEEEATING.
  7838 | D:10     | 7838 ||| RETREEEEATING.
  7839 | D:10     | 7839 ||| RETREEEEATING.
  7840 | D:10     | 7840 ||| RETREEEEATING.
  7841 | D:10     | 7841 ||| INVOKING Finesse.
  7842 | D:10     | Killed a death yak
  7862 | D:10     | Killed a death yak
  7863 | D:10     | Reached skill level 6 in Invocations
  7938 | D:10     | Reached skill level 12 in Ranged Weapons
  7939 | D:10     | Found a staircase to the Lair.
  8039 | D:10     | Found a flagged portal.
  8251 | D:10     | 8251 ||| RETREEEEATING.
  8252 | D:10     | 8252 ||| RETREEEEATING.
  8253 | D:10     | 8253 ||| RETREEEEATING.
  8254 | D:10     | 8254 ||| RETREEEEATING.
  8255 | D:10     | 8255 ||| RETREEEEATING.
  8256 | D:10     | 8256 ||| RETREEEEATING.
  8257 | D:10     | 8257 ||| RETREEEEATING.
  8258 | D:10     | 8258 ||| RETREEEEATING.
  8263 | D:10     | 8263 ||| RETREEEEATING.
  8264 | D:10     | 8264 ||| RETREEEEATING.
  8274 | D:10     | Reached ***** piety under Okawaru
  8505 | D:10     | 8505 ||| PLANNING LAIR
  8505 | D:10     | 8505 ||| DROPPING +6 ring of intelligence.
  8506 | D:10     | 8506 ||| READING scroll of identify.
  8506 | D:10     | 8506 ||| IDENTIFYING 2 sapphire potions
  8507 | D:10     | 8507 ||| READING scroll labelled XOESTRUA DEFE.
  8508 | D:10     | 8508 ||| READING scroll labelled SAMOMY LYEK.
  8523 | Lair:1   | Entered Level 1 of the Lair of Beasts
  8660 | Lair:1   | Received a gift from Okawaru
  8725 | Lair:1   | You fall into a shaft and drop 1 floor!
  8762 | Lair:2   | 8762 ||| RETREEEEATING.
  8766 | Lair:2   | 8766 ||| RETREEEEATING.
  8789 | Lair:2   | Reached skill level 14 in Dodging
  8832 | Lair:2   | 8832 ||| SWAPPING to +0 orcbow.
  8844 | Lair:2   | HP: 7/55 [komodo dragon (22)]
  8845 | Lair:2   | 8845 ||| READING 2 scrolls of teleportation.
  8846 | Lair:2   | 8846 ||| DRINKING 4 potions of heal wounds.
  8867 | Lair:2   | 8867 ||| DROPPING +2 shortbow of draining.
  8940 | Lair:2   | 8940 ||| RETREEEEATING.
  8942 | Lair:2   | 8942 ||| RETREEEEATING.
  8986 | Lair:2   | 8986 ||| UPGRADING to amulet of the acrobat.
  8991 | Lair:2   | 8991 ||| READING scroll of identify.
  8991 | Lair:2   | 8991 ||| IDENTIFYING blue potion
  9244 | Lair:1   | 9244 ||| RETREEEEATING.
  9248 | Lair:1   | 9248 ||| RETREEEEATING.
  9252 | Lair:1   | 9252 ||| RETREEEEATING.
  9253 | Lair:1   | 9253 ||| RETREEEEATING.
  9254 | Lair:1   | 9254 ||| RETREEEEATING.
  9255 | Lair:1   | 9255 ||| RETREEEEATING.
  9256 | Lair:1   | 9256 ||| RETREEEEATING.
  9257 | Lair:1   | 9257 ||| RETREEEEATING.
  9264 | Lair:1   | Noticed a wolf spider
  9265 | Lair:1   | 9265 ||| INVOKING Finesse.
  9266 | Lair:1   | 9266 ||| ZAPPING wand of light (10) at 5,5 (wolf spider;
                  | floor).
  9267 | Lair:1   | 9267 ||| ZAPPING wand of light (9) at 4,5 (wolf spider;
                  | floor).
  9271 | Lair:1   | 9271 ||| ZAPPING wand of light (8) at 3,5 (wolf spider;
                  | floor).
  9272 | Lair:1   | 9272 ||| ZAPPING wand of light (7) at 4,4 (wolf spider;
                  | floor).
  9277 | Lair:1   | Reached XP level 12. HP: 53/60 MP: 14/19
  9342 | Lair:1   | 9342 ||| INVOKING Finesse.
  9360 | Lair:1   | Reached skill level 9 in Invocations
  9775 | Lair:2   | 9775 ||| RETREEEEATING.
  9777 | Lair:2   | 9777 ||| RETREEEEATING.
  9781 | Lair:2   | 9781 ||| RETREEEEATING.
  9827 | Lair:2   | HP: 15/60 [bullfrog (7)]
  9828 | Lair:2   | 9828 ||| READING scroll of teleportation.
  9829 | Lair:2   | 9829 ||| DRINKING 3 potions of heal wounds.
  9905 | Lair:2   | 9905 ||| RETREEEEATING.
  9907 | Lair:2   | 9907 ||| RETREEEEATING.
  9908 | Lair:2   | 9908 ||| RETREEEEATING.
  9909 | Lair:2   | 9909 ||| RETREEEEATING.
  9937 | Lair:2   | HP: 9/60 [blink frog (16)]
  9938 | Lair:2   | 9938 ||| DRINKING 2 potions of heal wounds.
 10015 | Lair:2   | Received a gift from Okawaru
 10497 | Lair:3   | 10497 ||| RETREEEEATING.
 10499 | Lair:3   | 10499 ||| RETREEEEATING.
 10502 | Lair:3   | 10502 ||| RETREEEEATING.
 10505 | Lair:3   | 10505 ||| RETREEEEATING.
 10514 | Lair:3   | Reached skill level 15 in Dodging
 10574 | Lair:3   | HP: 2/60 [komodo dragon (29)]
 10575 | Lair:3   | 10575 ||| DRINKING potion of heal wounds.
 10640 | Lair:3   | 10640 ||| RETREEEEATING.
 10642 | Lair:3   | 10642 ||| RETREEEEATING.
 10643 | Lair:3   | 10643 ||| RETREEEEATING.
 10644 | Lair:3   | 10644 ||| RETREEEEATING.
 10646 | Lair:3   | 10646 ||| RETREEEEATING.
 10650 | Lair:3   | 10650 ||| RETREEEEATING.
 10651 | Lair:3   | 10651 ||| RETREEEEATING.
 10652 | Lair:3   | 10652 ||| RETREEEEATING.
 10653 | Lair:3   | 10653 ||| RETREEEEATING.
 10655 | Lair:3   | 10655 ||| RETREEEEATING.
 10656 | Lair:3   | 10656 ||| RETREEEEATING.
 10657 | Lair:3   | 10657 ||| RETREEEEATING.
 10683 | Lair:3   | 10683 ||| RETREEEEATING.
 10684 | Lair:3   | 10684 ||| RETREEEEATING.
 10685 | Lair:3   | 10685 ||| RETREEEEATING.
 10686 | Lair:3   | 10686 ||| RETREEEEATING.
 10688 | Lair:3   | 10688 ||| RETREEEEATING.
 10689 | Lair:3   | 10689 ||| RETREEEEATING.
 10691 | Lair:3   | 10691 ||| RETREEEEATING.
 10692 | Lair:3   | 10692 ||| RETREEEEATING.
 10693 | Lair:3   | 10693 ||| RETREEEEATING.
 10694 | Lair:3   | 10694 ||| STAIRDANCE
 10777 | Lair:3   | Noticed an eight-headed hydra
 10778 | Lair:3   | 10778 ||| INVOKING Finesse.
 10789 | Lair:3   | Killed an eight-headed hydra
 10881 | Lair:3   | Found a hole to the Spider Nest.
 10919 | Lair:3   | Received a gift from Okawaru
 10937 | Lair:3   | 10937 ||| RETREEEEATING.
 10938 | Lair:3   | 10938 ||| RETREEEEATING.
 10939 | Lair:3   | 10939 ||| RETREEEEATING.
 10940 | Lair:3   | 10940 ||| RETREEEEATING.
 10941 | Lair:3   | 10941 ||| RETREEEEATING.
 10946 | Lair:3   | 10946 ||| RETREEEEATING.
 10947 | Lair:3   | 10947 ||| RETREEEEATING.
 10949 | Lair:3   | 10949 ||| RETREEEEATING.
 10978 | Lair:3   | Reached ****** piety under Okawaru
 10979 | Lair:3   | Reached skill level 6 in Fighting
 10983 | Lair:3   | 10983 ||| INVOKING Receive Weapon.
 10983 | Lair:3   | 10983 ||| ACQUIRING +0 arbalest of flaming
 10983 | Lair:3   | Acquired a +0 arbalest of flaming
 10983 | Lair:3   | Received a gift from Okawaru
 10984 | Lair:3   | 10984 ||| INVOKING Receive Armour.
 10984 | Lair:3   | 10984 ||| GAVE UP ACQUIRING OKAWARU ARMOUR
 10984 | Lair:3   | Acquired the scarf "Jommove" {harm, +Inv}
 10984 | Lair:3   | Received a gift from Okawaru
 10986 | Lair:3   | 10986 ||| SWAPPING to +0 arbalest of flaming.
 10987 | Lair:3   | 10987 ||| DROPPING +0 orcbow.
 11136 | Lair:3   | 11136 ||| RETREEEEATING.
 11137 | Lair:3   | 11137 ||| RETREEEEATING.
 11140 | Lair:3   | 11140 ||| RETREEEEATING.
 11141 | Lair:3   | 11141 ||| RETREEEEATING.
 11151 | Lair:3   | Reached XP level 13. HP: 65/65 MP: 21/21
 11242 | Lair:3   | Received a gift from Okawaru
 11245 | Lair:3   | Reached skill level 16 in Dodging
 11443 | Lair:3   | Found a staircase to the Shoals.
 11639 | Lair:3   | 11639 ||| DROPPING ring of resist corrosion.
 11640 | Lair:3   | 11640 ||| READING 3 scrolls of identify.
 11640 | Lair:3   | 11640 ||| IDENTIFYING glowing green potion
 11641 | Lair:3   | 11641 ||| READING 2 scrolls of identify.
 11641 | Lair:3   | 11641 ||| IDENTIFYING orange potion
 11642 | Lair:3   | 11642 ||| DROPPING potion of invisibility.
 11643 | Lair:3   | 11643 ||| DROPPING potion of brilliance.
 11653 | Lair:4   | 11653 ||| RETREEEEATING.
 11655 | Lair:4   | 11655 ||| RETREEEEATING.
 11698 | Lair:4   | 11698 ||| RETREEEEATING.
 11699 | Lair:4   | 11699 ||| RETREEEEATING.
 11701 | Lair:4   | 11701 ||| RETREEEEATING.
 11702 | Lair:4   | 11702 ||| RETREEEEATING.
 11703 | Lair:4   | 11703 ||| RETREEEEATING.
 11704 | Lair:4   | 11704 ||| RETREEEEATING.
 11705 | Lair:4   | 11705 ||| RETREEEEATING.
 11706 | Lair:4   | 11706 ||| RETREEEEATING.
 11708 | Lair:4   | 11708 ||| RETREEEEATING.
 11709 | Lair:4   | 11709 ||| RETREEEEATING.
 11710 | Lair:4   | 11710 ||| RETREEEEATING.
 11711 | Lair:4   | 11711 ||| INVOKING Finesse.
 11808 | Lair:4   | 11808 ||| RETREEEEATING.
 11809 | Lair:4   | 11809 ||| RETREEEEATING.
 11811 | Lair:4   | 11811 ||| RETREEEEATING.
 11812 | Lair:4   | 11812 ||| RETREEEEATING.
 11814 | Lair:4   | 11814 ||| RETREEEEATING.
 11816 | Lair:4   | 11816 ||| RETREEEEATING.
 11817 | Lair:4   | 11817 ||| RETREEEEATING.
 11818 | Lair:4   | 11818 ||| RETREEEEATING.
 11819 | Lair:4   | 11819 ||| RETREEEEATING.
 11820 | Lair:4   | 11820 ||| RETREEEEATING.
 11821 | Lair:4   | 11821 ||| RETREEEEATING.
 11822 | Lair:4   | 11822 ||| INVOKING Finesse.
 11825 | Lair:4   | 11825 ||| INVOKING Heroism.
 11830 | Lair:4   | HP: 6/65 [death yak (24)]
 11831 | Lair:4   | 11831 ||| DRINKING 3 potions of heal wounds.
 11832 | Lair:4   | 11832 ||| DRINKING 2 potions of heal wounds.
 11834 | Lair:4   | Reached skill level 15 in Ranged Weapons
 11851 | Lair:4   | HP: 6/65 [death yak (24)]
 11852 | Lair:4   | 11852 ||| DRINKING potion of heal wounds.
 11855 | Lair:4   | Received a gift from Okawaru
 11870 | Lair:4   | HP: 16/65 [skyshark (2)]
 11872 | Lair:4   | Reached skill level 17 in Dodging
 11873 | Lair:4   | Slain by a death yak

Levels and vault maps discovered:
D:1:      lemuel_arrival_lava_pool, layout_loops_corners, minivault_26,
          minivault_19, chequers_serial_rivers_micro_d, due_unseen_surprise
D:2:      layout_basic, shapermc_ecumenical_altar_starsandcircs,
          uniq_crazy_yiuf_cottage
D:3:      layout_loops_ring, chequers_avenue, serial_bayou_pond_c,
          hangedman_decor_growths, st_stairs_11, minmay_misc_feat_columns
D:4:      layout_loops_ring, mainiacjoe_overflow_small_starburst,
          hangedman_glass_teeth, small_statue_intersection,
          hangedman_decor_riveting
D:5:      layout_loops_corners
D:6:      layout_loops_ring, nicolae_shop_clearance, uniq_prince_ribbit1
D:7:      layout_cave_pools, zin_academy, lemuel_doored_altar,
          minmay_temple_entry_mist, uniq_duvessa, uniq_pikel, uniq_maurice
D:8:      layout_loops_ring, mainiacjoe_overflow_paths, trog_hazing_becter,
          gammafunk_temple_overflow_claw
D:9:      layout_basic, mainiacjoe_overflow_alcove_4,
          hangedman_abyss_or_decor_clamps, roderic_roman_lattice,
          kennysheep_flooded_box
D:10:     layout_small_grid, dpeg_lair_monsters, lightli_bailey_entry_fortress,
          serial_shops, nicolae_shop_gibbet_a_chance, uniq_gastronok
Temple:   dshaligram_water_room_temple
Lair:1:   layout_cave_pods, nicolae_lair_run_with_the_wolves
Lair:2:   layout_misc_corridors, beast_lair_carwin_3, grunt_megastairs_5,
          serial_bayou_shore_a
Lair:3:   layout_regular_city, elwin_shoals_entry_rocks,
          hellmonk_spider_entry_life_and_decay, serial_bayou_pond_b,
          minivault_23
Lair:4:   layout_hall_layers, wad_woods_03, grunt_megastairs_3

Skill      XL: |  1  2  3  4  5  6  7  8  9 10 11 12 13 |
---------------+----------------------------------------+-----
Dodging        | 3 4 5 6 8 9 12 13 14 15 17 | 17.1
Ranged Weapons | 5 6 7 9 10 11 12 14 15 | 15.0
Fighting       | 2 3 4 5 6 |  6.0
Invocations    | 4 5 8 10 | 10.0
Armour         | 3 |  3.5
Stealth        | |  1.5

Action                     |  1- 3 |  4- 6 |  7- 9 | 10-12 | 13-15 || total
---------------------------+-------+-------+-------+-------+-------++-------
   Fire: Shortbow          |    90 |   126 |   304 |   432 |       ||   952
         Orcbow            |       |       |       |   503 |       ||   503
         Arbalest          |       |       |       |    21 |   162 ||   183
 Invoke: Heroism           |       |       |       |     3 |     1 ||     4
         Finesse           |       |       |       |     6 |     2 ||     8
         Receive Weapon    |       |       |       |     1 |       ||     1
         Receive Armour    |       |       |       |     1 |       ||     1
  Evoke: Wand              |       |       |       |     4 |       ||     4
    Use: Scroll            |     6 |     8 |     2 |     8 |     2 ||    26
         Potion            |       |     4 |     2 |     4 |     3 ||    13
 Armour: Robe              |     7 |    13 |    20 |     5 |       ||    45
         Troll leather arm |       |       |       |    83 |    28 ||   111
  Dodge: Dodged            |    22 |    53 |    93 |   620 |   149 ||   937

Table legend:
 A = Non-vault XP
 B = Vault XP
 C = Vault XP percentage of total XP
 D = Non-vault monster count
 E = Vault monster count
 F = Vault count percentage of total count
                 A         B        C        D         E       F
            +---------+---------+-------+---------+---------+-------
      Total |   37399 |   14016 |  27.3 |     274 |      67 |  19.6
            +---------+---------+-------+---------+---------+-------
        D:1 |      38 |       0 |   0.0 |      23 |       0 |   0.0
        D:2 |      38 |       0 |   0.0 |      16 |       0 |   0.0
        D:3 |      67 |      18 |  21.2 |      14 |       3 |  17.6
        D:4 |     446 |       0 |   0.0 |      13 |       0 |   0.0
        D:5 |     424 |       0 |   0.0 |      14 |       0 |   0.0
        D:6 |     809 |     268 |  24.9 |      21 |       1 |   4.5
        D:7 |     475 |    1404 |  74.7 |      11 |       4 |  26.7
        D:8 |    1994 |      12 |   0.6 |      23 |       6 |  20.7
        D:9 |    2263 |    1492 |  39.7 |      18 |       1 |   5.3
       D:10 |    2866 |    2620 |  47.8 |      23 |      23 |  50.0
     Lair:1 |    4836 |    1718 |  26.2 |      24 |       7 |  22.6
     Lair:2 |    4204 |    2486 |  37.2 |      21 |      12 |  36.4
     Lair:3 |   10157 |    1011 |   9.1 |      33 |       3 |   8.3
     Lair:4 |    8782 |    2987 |  25.4 |      20 |       7 |  25.9
            +---------+---------+-------+---------+---------+-------
